 Dungeon Crawl Stone Soup version 0.20.1-1-g8b1a95d (webtiles) character file.

105 robba the Charmwright (level 4, -3/33 HPs)
             Began as a Merfolk Skald on Sept 7, 2017.
             Slain by an iron imp (4 damage)
             ... summoned by Eustachio
             ... on level 4 of the Dungeon.
             The game lasted 00:20:07 (2342 turns).

robba the Charmwright (Merfolk Skald)               Turns: 2342, Time: 00:20:08

Health: -3/33      AC:  4    Str: 16    XL:     4   Next: 81%
Magic:  6/8        EV: 12    Int: 12    God:
Gold:   173        SH:  3    Dex: 11    Spells: 4/8 levels left

rFire    . . .     SeeInvis .     - Unarmed
rCold    . . .     Gourm    .   (no shield)
rNeg     . . .     Faith    .   e - +0 leather armour
rPois    .         Spirit   .   (no helmet)
rElec    .         Reflect  +   (no cloak)
rCorr    .         Harm     .   s - +0 pair of gloves
MR       .....                  (no boots)
Stlth    +.........             a - +3 amulet of reflection
Regen    0.2/turn               d - +4 ring of strength
MPRegen  0.2/turn               t - -2 ring of dexterity (curse)

@: appendage (expiring), infused
A: change form in water, swift swim, stealthy swim, horns 2
a: End Transformation


You were on level 4 of the Dungeon.
You were not hungry.
You had grown temporary horns.
You visited 1 branch of the dungeon, and saw 4 of its levels.

You collected 173 gold pieces.

Inventory:

Missiles
 n - 8 curare-tipped needles (quivered)
Armour
 e - a +0 leather armour (worn)
 m - a +0 pair of gloves
 s - a +0 pair of gloves (worn)
Jewellery
 a - a +3 amulet of reflection (around neck)
 d - a +4 ring of strength (left hand)
 t - a cursed -2 ring of dexterity (right hand)
Scrolls
 f - a scroll of identify {unknown}
 g - 2 scrolls of remove curse
 h - a scroll of amnesia
 k - a scroll of immolation {unknown}
 l - a scroll of recharging {unknown}
 o - a scroll of teleportation {unknown}
Potions
 i - 5 potions of curing {unknown}
 j - a potion of invisibility {unknown}
 q - a potion of agility {unknown}
 u - a potion of flight {unknown}
Books
 b - a book of Battle

   Spells                             Type                      Level
   a - Infusion                       Charms                       1
   b - Shroud of Golubria             Charms/Translocation         2
   c - Song of Slaying                Charms                       2
   d - Spectral Weapon                Hexes/Charms                 3
   e - Regeneration                   Charms/Necromancy            3
 p - a book of Changes

   Spells                             Type                      Level
   a - Beastly Appendage              Transmutation                1
   b - Sticks to Snakes               Transmutation                2
   c - Spider Form                    Transmutation/Poison         3
   d - Ice Form                       Ice/Transmutation            4
   e - Blade Hands                    Transmutation                5
Comestibles
 c - 3 bread rations
 r - a royal jelly


   Skills:
 + Level 2.2 Fighting
 + Level 1.3 Armour
 + Level 3.0 Dodging
 + Level 3.1 Unarmed Combat
 + Level 2.7 Spellcasting
 + Level 4.1 Charms
 + Level 0.3 Transmutations


You had 4 spell levels left.
You knew the following spells:

 Your Spells              Type           Power        Failure   Level  Hunger
a - Infusion              Chrm           ##..         5%          1    #......
b - Song of Slaying       Chrm           ##......     9%          2    ###....
c - Beastly Appendage     Tmut           #.....       26%         1    #......


Dungeon Overview and Level Annotations

Branches:
Dungeon (4/15)
 Temple: D:4-7

Altars:

Annotations:
D:4 Eustachio


Innate Abilities, Weirdness & Mutations

You revert to your normal form in water.
You are very nimble and swift while swimming.
You are very stealthy in the water. (Stealth+)
You have a pair of horns on your head.


Message History

Eustachio misses you.
You hit Eustachio.
Eustachio is lightly wounded.
The iron imp hits you! Eustachio barely misses you.
You barely miss Eustachio.
Eustachio is lightly wounded.
Casting: Beastly Appendage
Confirm with . or Enter, or press ? or * to list all spells.
You begin infusing your attacks with magical energy.
Eustachio hits you with a rapier. The iron imp hits you.
Casting: Infusion
Confirm with . or Enter, or press ? or * to list all spells.
You grow a pair of large bovine horns.
The ufetubus disappears in a puff of smoke!
Eustachio completely misses you. The iron imp hits you.
* * * LOW HITPOINT WARNING * * *
You closely miss the iron imp. Eustachio hits you with a rapier.
* * * LOW HITPOINT WARNING * * *
The iron imp hits you.
You die...

##. .$ ..
...##≈≈.≈≈#.. ..
..#.≈≈≈≈≈≈ .#.(#.
#.###≈≈≈≈≈#≈ ≈≈≈?..?
..#≈≈≈≈≈≈≈##≈#≈≈... #
#.≈≈≈≈≈#≈≈≈#≈≈≈.#
#.#≈≈≈#≈≈≈≈†#≈≈≈≈≈#.
##.≈≈≈≈.≈≈≈≈≈#≈≈≈≈≈≈.
#..≈≈≈@≈††...≈...≈≈≈.
#...≈§@5..[<.†...≈≈..
#..≈≈≈..≈≈..)≈≈.≈≈≈≈.
##.≈≈≈≈≈≈≈≈≈≈≈≈#≈≈≈≈.
#..≈≈≈≈##≈≈≈≈≈≈≈≈#!.
#...≈≈≈≈≈≈#≈≈≈#≈≈...
#..#≈≈≈≈≈≈≈≈≈≈≈≈≈#..
#.###≈≈≈≈≈≈≈≈≈≈≈## .
#. ##.≈≈≈≈≈≈≈.##


You could see Eustachio and an iron imp.

Vanquished Creatures
  A bullfrog skeleton (D:4)
  An adder (D:2)
  A worm (D:3)
  8 dart slugs
  A leopard gecko (D:2)
  An orc (D:3)
  2 giant cockroaches
  5 hobgoblins
  3 jackals (D:3)
  3 kobolds
  2 quokkas (D:3)
  A ball python (D:1)
  5 bats
  4 frilled lizards
  6 goblins
  5 rats
49 creatures vanquished.

Notes
Turn   | Place    | Note
-------+----------+-------------------------------------------
     0 | D:1      | robba the Merfolk Skald began the quest for the Orb.
     0 | D:1      | Reached XP level 1. HP: 16/16 MP: 3/3
   144 | D:1      | Reached XP level 2. HP: 18/22 MP: 0/5
   148 | D:1      | Learned a level 2 spell: Song of Slaying
  1046 | D:2      | Reached skill level 1 in Armour
  1084 | D:2      | Reached XP level 3. HP: 27/27 MP: 3/6
  1493 | D:2      | Found a faded altar of an unknown god.
  1717 | D:3      | Learned a level 2 spell: Song of Slaying
  1979 | D:3      | Learned a level 1 spell: Beastly Appendage
  2162 | D:3      | Reached XP level 4. HP: 29/33 MP: 1/7
  2245 | D:4      | Reached skill level 4 in Charms
  2252 | D:4      | Noticed Eustachio
  2342 | D:4      | HP: 1/33 [Eustachio/rapier (6)]
  2342 | D:4      | Slain by an iron imp

Skill      XL: |  1  2  3  4 |
---------------+-------------+-----
Armour         | 1 |  1.3
Dodging        | 3 |  3.0
Unarmed Combat | 3 |  3.1
Charms         | 4 |  4.1
Fighting       | |  2.2
Spellcasting   | |  2.7
Transmutations | |  0.3

Action                   |  1- 3 |  4- 6 || total
-------------------------+-------+-------++-------
Melee: Unarmed           |   127 |    20 ||   147
       Headbutt          |     2 |     5 ||     7
       Tailslap          |       |     1 ||     1
       Punch             |       |     1 ||     1
 Cast: Infusion          |    19 |     2 ||    21
       Song of Slaying   |     6 |     1 ||     7
       Beastly Appendage |     2 |     2 ||     4
  Use: Scroll            |     3 |       ||     3
 Stab: Sleeping          |     1 |       ||     1
  Eat: Fruit             |     3 |       ||     3
       Bread ration      |     1 |       ||     1
       Chunk             |     1 |       ||     1
Armor: Leather armour    |    30 |     3 ||    33
Dodge: Dodged            |    96 |    13 ||   109
Block: Other             |     6 |     2 ||     8
